 Dungeon Crawl Stone Soup version 0.29-a0-559-g359e09b9d1 (webtiles) character file.

Game seed: 14839487402543391891

11 DocClef the Covert (level 2, -2/29 HPs)
             Began as a Gnoll Delver on June 9, 2022.
             Slain by a kobold brigand
             ... wielding a +0 dagger
              (7 damage)
             ... on level 6 of the Dungeon.
             The game lasted 00:01:04 (139 turns).

DocClef the Covert (Gnoll Delver)                    Turns: 139, Time: 00:01:05

Health: -2/29      AC:  3    Str: 11    XL:     2   Next: 25%
Magic:  2/2        EV: 13    Int:  9    God:
Gold:   16         SH:  0    Dex: 13    Spells: 1/1 levels left

rFire   . . .      SeeInvis .   a - +0 short sword
rCold   . . .      Faith    .   (no shield)
rNeg    . . .      Spirit   .   b - +0 leather armour
rPois   .          Reflect  .   (no helmet)
rElec   .          Harm     .   (no cloak)
rCorr   .          Rampage  .   (no gloves)
Will    .....                   (no boots)
Stlth   ++++......              (no amulet)
HPRegen 0.09/turn               (no ring)
MPRegen 0.08/turn               (no ring)

@: no status effects
A: fangs 1, strong nose, distributed training
a: no special abilities


You were on level 6 of the Dungeon.
You visited 1 branch of the dungeon, and saw 2 of its levels.

You collected 16 gold pieces.

Inventory:

Hand Weapons
 a - a +0 short sword (weapon)
Armour
 b - a +0 leather armour (worn)
Wands
 g - a wand of digging (3)
Scrolls
 c - a scroll of fog
 d - a scroll of noise {unknown}
 e - a scroll of fear
Potions
 f - a potion of haste


   Skills:
 + Level 6.4 Fighting
 + Level 4.4 Short Blades
 + Level 0.3 Long Blades
 + Level 0.3 Axes
 + Level 0.3 Maces & Flails
 + Level 0.3 Polearms
 + Level 0.3 Staves
 + Level 0.3 Slings
 + Level 0.3 Bows
 + Level 0.3 Crossbows
 + Level 0.3 Throwing
 + Level 0.3 Armour
 + Level 4.4 Dodging
 + Level 9.5 Stealth
 + Level 0.3 Shields
 + Level 0.3 Unarmed Combat
 + Level 0.3 Spellcasting
 + Level 0.2 Conjurations
 + Level 0.2 Hexes
 + Level 0.2 Summonings
 + Level 0.2 Necromancy
 + Level 0.2 Translocations
 + Level 0.2 Transmutations
 + Level 0.2 Fire Magic
 + Level 0.2 Ice Magic
 + Level 0.2 Air Magic
 + Level 0.2 Earth Magic
 + Level 0.2 Poison Magic
 + Level 0.4 Invocations
 + Level 0.3 Evocations


You had one spell level left.
You didn't know any spells.
Your spell library was empty.

Dungeon Overview and Level Annotations

Branches:
Dungeon (6/15)
 Temple: D:4-7

Altars:

Shops:
D:5 *

Annotations:
D:5 Pikel


Innate Abilities, Weirdness & Mutations

You have very sharp teeth.
Your uncanny sense of smell can sniff out nearby items.
Your experience applies equally to all skills.


Message History

The kobold barely misses you.
You hit the kobold.
You kill the kobold!
Things that are here:
a +0 club; 2 stones
There is an open door here.
d - a scroll labelled XOWKUICVAI A hornet comes into view.
A kobold comes into view. It is wielding a +0 whip.
A kobold brigand comes into view.
It is wielding a +0 dagger and quivering poisoned darts.
The kobold shouts!
You hear a shout!
The kobold closely misses you.
The kobold shouts!
You hit the kobold.
You kill the kobold!
You barely miss the kobold. You closely miss the kobold.
The kobold hits you with a +0 short sword.
You barely miss the kobold.
The kobold shouts!
You bite the kobold.
The kobold is moderately wounded.
The kobold hits you with a +0 short sword.
You hit the kobold.
You kill the kobold!
You hit the kobold but do no damage.
The kobold brigand hits you with a +0 dagger.
* * * LOW HITPOINT WARNING * * *
Unknown command.
You barely miss the kobold brigand.
The kobold hits you with a +0 short sword.
* * * LOW HITPOINT WARNING * * *
The kobold brigand barely misses you.
You closely miss the kobold brigand. The kobold barely misses you.
The kobold misses you. The kobold brigand barely misses you.
You closely miss the kobold brigand.
You bite the kobold brigand, but do no damage.
The kobold closely misses you. The kobold barely misses you.
The kobold brigand hits you with a +0 dagger!
You die...

,,,,,,,,,,,,,,,,,#.>.#....#
,,,,,,,,,,,......#...#....#
,,,,,,,,,,,,.....#...#....#######
************#....#...#...........
,,,,+,,,,,,,#....#...+...........
,,,,*,,,,,,,#....#...#.....<.....
**,***,***,,#...K#...#...<.......
**,***,***,,#..KK#...#...........
*,,,+,,,,,,,#..K@#.))#....#######
*,,,*,,,,,,,#....#...#....#,,,,,,
*,,,*,,,,,,,#....#...'....#,,,,,,
**,*******,,#....#####....#,,,,,,
**,***,***,,#.............#'##***
,,,*,,,,,,,,#.................,,,
,,,+,,,,,,,,#.................,,,
************#.................,,,
,,,,,,,,,,,...................,,,


You could see a kobold brigand and 3 kobolds.

Vanquished Creatures
  3 orcs (D:5)
  4 kobolds (D:6)
7 creatures vanquished.

Vanquished Creatures (others)
  13 fungi (D:6)
13 creatures vanquished.

Grand Total: 20 creatures vanquished

Notes
Turn   | Place    | Note
-------+----------+-------------------------------------------
     0 | D:5      | Reached skill level 9 in Stealth
     0 | D:5      | DocClef the Gnoll Delver began the quest for the Orb.
     0 | D:5      | Reached XP level 1. HP: 23/23 MP: 1/1
    36 | D:5      | Noticed an orc wizard
    60 | D:5      | Found Neuneff's Assorted Antiques.
    60 | D:5      | Noticed Pikel
    60 | D:5      | Noticed a lemure
   111 | D:6      | Reached XP level 2. HP: 17/29 MP: 2/2
   123 | D:6      | Noticed a hornet
   125 | D:6      | Noticed a kobold brigand
   139 | D:6      | Slain by a kobold brigand

Illustrated notes

Levels and vault maps discovered:
D:5:      layout_cave_pools, nicolae_tso_swordbearing_angel,
          mainiacjoe_overflow_boulevard, kennysheep_mini_moat, slow_altar_1,
          minmay_temple_entry_large_hall, serial_shops, shop, minivault_23,
          kennysheep_crisscross, nicolae_grassy_gnolls, uniq_ijyb, uniq_edmund,
          uniq_pikel
D:6:      layout_gridville, kennysheep_ying_yang,
          mainiacjoe_overflow_cross_hatched, pdpol_wu_jian_five_deadly_venoms,
          portal_sewer_entry_d

Skill      XL: | |
---------------+-+-----
Stealth        | |  9.5
Fighting       | |  6.4
Short Blades   | |  4.4
Long Blades    | |  0.3
Axes           | |  0.3
Maces & Flails | |  0.3
Polearms       | |  0.3
Staves         | |  0.3
Slings         | |  0.3
Bows           | |  0.3
Crossbows      | |  0.3
Throwing       | |  0.3
Armour         | |  0.3
Dodging        | |  4.4
Shields        | |  0.3
Unarmed Combat | |  0.3
Spellcasting   | |  0.3
Conjurations   | |  0.2
Hexes          | |  0.2
Summonings     | |  0.2
Necromancy     | |  0.2
Translocations | |  0.2
Transmutations | |  0.2
Fire Magic     | |  0.2
Ice Magic      | |  0.2
Air Magic      | |  0.2
Earth Magic    | |  0.2
Poison Magic   | |  0.2
Invocations    | |  0.4
Evocations     | |  0.3

Action                   || total
-------------------------++-------
Melee: Short sword       ||    23
       Bite              ||     2
  Use: Scroll            ||     1
Dodge: Dodged            ||    14

Table legend: (Time is in decaauts)
 A = Elapsed time spent in this place.
 B = Non-inter-level travel time spent in this place.
 C = Inter-level travel time spent in this place.
 D = Time resting spent in this place.
 E = Time spent auto-exploring this place.
 F = Levels seen in this place.
 G = Mean time per level.
                   A        B        C        D        E       F      G
               +--------+--------+--------+--------+--------+-----+--------+
         Total |    136 |    136 |      0 |     30 |     17 |   2 |   68.0 |
       Dungeon |    136 |    136 |      0 |     30 |     17 |   2 |   68.0 |
               +--------+--------+--------+--------+--------+-----+--------+

Top non-repeatable levels by time:
     D:5: 84 daAuts
     D:6: 51 daAuts
